 Dungeon Crawl Stone Soup version 0.28-a0-245-g639a1a48b9 (webtiles) character file.

Game seed: 17341320318996011049

396 spiderkeys the Skirmisher (level 6, -4/100 HPs)
             Began as an Ogre Abyssal Knight on Aug 25, 2021.
             Was a Priest of Lugonu.
             Killed from afar by Sigmund (7 damage)
             ... with a magic dart
             ... on level 3 of the Dungeon.
             The game lasted 00:09:25 (4823 turns).

spiderkeys the Skirmisher (Ogre Abyssal Knight)     Turns: 4823, Time: 00:09:26

Health: -4/100     AC:  6    Str: 19    XL:     6   Next: 83%
Magic:  9/9        EV:  9    Int: 13    God:    Lugonu [***...]
Gold:   90         SH:  5    Dex:  8    Spells: 8/9 levels left

rFire   . . .      SeeInvis .   a - +1 mace
rCold   . . .      Faith    .   (no shield)
rNeg    . . .      Spirit   .   b - +0 robe
rPois   .          Reflect  +   l - +2 hat of the Maze {Slay+2}
rElec   .          Harm     .   h - +0 cloak
rCorr   .          Rampage  .   (gloves unavailable)
Will    .....                   (boots unavailable)
Stlth   ..........              y - amulet of reflection
HPRegen 0.26/turn               Z - ring of wizardry
MPRegen 0.11/turn               (no ring)

@: berserking (expiring), very quick
A: large, unfitting armour, tough skin 1
a: Renounce Religion, Depart the Abyss, Bend Space, Banish


You were on level 3 of the Dungeon.
You worshipped Lugonu.
Lugonu was most pleased with you.
You visited 1 branch of the dungeon, and saw 5 of its levels.
You visited the Abyss 1 time.

You collected 168 gold pieces.
You spent 78 gold pieces at shops.


Innate Abilities, Weirdness & Mutations

You are too large for most types of armour.
You have tough skin. (AC +1)


   Skills:
 + Level 5.6 Fighting
 + Level 3.2 Maces & Flails
 + Level 2.7 Throwing
 - Level 1.1 Armour
 - Level 2.1 Dodging
 + Level 2.0 Spellcasting
 + Level 3.9 Invocations


You had 8 spell levels left.
You knew the following spells:

 Your Spells              Type           Power      Damage    Failure   Level
z - Sandblast             Erth           2%         2d4       11%         1

Your spell library contained the following spells:

 Spells                   Type           Power      Damage    Failure   Level
 Passwall                 Tmut/Erth      0%         N/A       16%         2
 Ignite Poison            Fire/Tmut/Pois 1%         N/A       28%         3
 Mephitic Cloud           Conj/Pois/Air  1%         N/A       28%         3
 Ozocubu's Armour         Ice            1%         N/A       28%         3
 Bolt of Magma            Conj/Fire/Erth 0%         4d4       93%         5
 Lee's Rapid Deconstruct  Erth           0%         3d5*      93%         5
 Metabolic Englaciation   Hex/Ice        0%         N/A       93%         5
 Simulacrum               Ice/Necr       0%         N/A       100%        6

Inventory:

Hand Weapons
 a - a +1 mace (weapon)
 i - a +0 flail
   (You found it on level 1 of the Dungeon)
Missiles
 d - 8 atropa-tipped darts
 e - 40 bolts
 f - 143 stones
 o - 48 arrows
 x - 4 poisoned darts
Armour
 b - a +0 robe (worn)
 h - a +0 cloak (worn)
   (You found it on level 1 of the Dungeon)
 l - the +2 hat of the Maze (worn) {Slay+2}
   (You acquired it on level 2 of the Dungeon)

   Slay:      It affects your accuracy & damage with ranged weapons and melee
   (+2).
Magical Staves
 w - a staff of fire {!a}
   (You found it on level 3 of the Dungeon)
Jewellery
 y - an amulet of reflection (around neck)
   (You found it on level 4 of the Dungeon)
 G - an amulet of guardian spirit
   (You found it on level 2 of the Dungeon)
 Z - a ring of wizardry (left hand)
   (You found it on level 2 of the Dungeon)
Wands
 B - a wand of mindburst (10)
   (You found it on level 4 of the Dungeon)
Scrolls
 j - a scroll of immolation {!r!r}
 m - a scroll of torment {!r}
 n - 2 scrolls of enchant weapon
 q - 2 scrolls of teleportation {@r4}
 t - a scroll of noise {!r}
 v - a scroll of amnesia
 C - a scroll of summoning
 D - a scroll of enchant armour {unknown}
Potions
 c - a potion of heal wounds {@q2}
 g - a potion of attraction {unknown}
 k - a potion of degeneration {unknown}
 p - a potion of magic
 r - a potion of berserk rage {!q}
 s - a potion of brilliance {unknown}
 u - a potion of lignification {unknown}
 z - a potion of might {unknown}
 A - 2 potions of curing {unknown}

Dungeon Overview and Level Annotations

Branches:
Dungeon (5/15)
 Temple: D:4-7

Altars:
Gozag

Shops:
D:2 *

Annotations:
D:3 Sigmund
D:4 3 runed translucent doors, timneilson's ghost, amateur GrFi

#)# #.#####
#.###.#...
#..)#.#.##
######)#....#
#....)).....#
#.####.####.###
#.##......#...#
##.##.#.##.###.#
#......[.#.# #@#
#........#.# #{#
#......#.#.. ..#
###......#.#######
...........#
##........##
.#.†......#
.#........#
.#........#


There were no monsters in sight!


Message History

Deactivating autopickup; reactivate with Ctrl-A. 😕 HP[+1] Unknown command.
You closely miss something. Something hits you. 😕 HP[-2]
You take 2 damage, and now have 57/67 hp.
You hit something. Something hits you. 😕 HP[-3]
You take 3 damage, and now have 54/67 hp.
You closely miss something. Something hits you but does no damage.
You barely miss something. Something hits you! 😮 HP[-8]
You take 8 damage, and now have 46/67 hp.
You completely miss something. You miss something. Something hits you. 😮 HP[-6]
You take 6 damage, and now have 40/67 hp.
You sock something!
You hear some strange, mumbled words.
Something tries to affect you, but you resist.
You barely miss something.
You hear some strange, mumbled words.
A magic dart appears from out of thin air!
The magic dart hits you. Something hits you!
* * * LOW HITPOINT WARNING * * *
😨 HP[-11]
You take 11 damage, and now have 29/67 hp.
You hit something. Something hits you but does no damage.
You hit something. You closely miss something. Something hits you!
* * * LOW HITPOINT WARNING * * *
😨 HP[-8]
You take 8 damage, and now have 21/67 hp.
You miss something. Something hits you.
* * * LOW HITPOINT WARNING * * *
😨 HP[-1]
You take 1 damage, and now have 20/67 hp.
You barely miss something. Something hits you.
* * * LOW HITPOINT WARNING * * *
😨 HP[-2]
You take 2 damage, and now have 18/67 hp.
You hit something.
You hear some strange, mumbled words.
A magic dart appears from out of thin air!
The magic dart hits you.
* * * LOW HITPOINT WARNING * * *
😨 HP[-1]
You take 1 damage, and now have 17/67 hp.
You barely miss something. You block something's attack.
You closely miss something.
You hear some strange, mumbled words.
Something tries to affect you, but you resist. 😨 HP[+1]
You hit something but do no damage.
You hear some strange, mumbled words.
You are confused.
You are too confused!
It was a potion of magic.
Magic courses through your body. Something hits you.
* * * LOW HITPOINT WARNING * * *
😱 HP[-3]
You take 3 damage, and now have 15/67 hp.
You are too confused!
It was a potion of berserk rage.
A red film seems to cover your vision as you go berserk!
You feel yourself moving faster!
You feel mighty! Something hits you.
* * * LOW HITPOINT WARNING * * *
😱 HP[+4]
You now have 100 max hp (+33).
You regained 4 hp, and now have 19/100 hp.
You closely miss something.
You bump into the rock wall. 😱 HP[+1]
You barely miss something.
You hear some strange, mumbled words.
A magic dart appears from out of thin air!
The magic dart hits you.
* * * LOW HITPOINT WARNING * * *
😱 HP[-4]
You take 4 damage, and now have 16/100 hp.
You bump into the rock wall.
Something hits you!
* * * LOW HITPOINT WARNING * * *
😱 HP[-8]
You take 8 damage, and now have 8/100 hp.
You bump into the rock wall.
You feel a strong urge to attack something.
You barely miss something.
You feel less confused.
You hear some strange, mumbled words.
A magic dart appears from out of thin air!
The magic dart hits you.
* * * LOW HITPOINT WARNING * * *
😱 HP[-6]
You take 6 damage, and now have 2/100 hp.
You sock something! 😱 HP[+1]
You miss something.
You hear some strange, mumbled words.
A magic dart appears from out of thin air!
The magic dart hits you!
You die...

Skill      XL: |  1  2  3  4  5  6 |
---------------+-------------------+-----
Maces & Flails | 2 3 |  3.2
Throwing       | 1 2 |  2.7
Armour         | 1 |  1.1
Fighting       | 5 |  5.6
Invocations    | 3 |  3.9
Spellcasting   | 1 2 |  2.0
Dodging        | |  2.1

Action                   |  1- 3 |  4- 6 || total
-------------------------+-------+-------++-------
Melee: Flail             |    16 |       ||    16
       Mace              |    87 |   234 ||   321
 Cast: Sandblast         |       |     2 ||     2
Invok: Depart the Abyss  |     1 |       ||     1
  Use: Scroll            |     1 |    10 ||    11
       Potion            |       |     2 ||     2
 Stab: Sleeping          |       |     1 ||     1
Armor: Robe              |    59 |   108 ||   167
Dodge: Dodged            |    67 |   147 ||   214
Block: Other             |       |    17 ||    17
       Reflection        |       |     2 ||     2

Levels and vault maps discovered:
D:1:      giann_forest_graveyard, layout_basic, shapermc_ecumenical_altar_ellora
D:2:      layout_loops_ring, basic_altar, serial_shops, nicolae_shop_trees,
          grunt_decor_cap, chequers_serial_rivers_large_a,
          minmay_split_cup_small, uniq_natasha
D:3:      layout_basic, grunt_ministairs_14, uniq_sigmund, uniq_robin
D:4:      layout_rooms, gammafunk_ghost_split, serial_park_tiny_pond,
          st_stairs_1, supply_closet_lemuel
D:5:      gammafunk_wand_slinger, layout_loops_ring,
          minmay_temple_entry_junction, serial_shops,
          nicolae_shop_overgrown_old_shop, skrybe_limestone_x

Notes
Turn   | Place    | Note
-------+----------+-------------------------------------------
     0 | Abyss:1  | spiderkeys the Ogre Abyssal Knight began the quest for the
                  | Orb.
     0 | Abyss:1  | Reached XP level 1. HP: 24/24 MP: 2/2
     0 | Abyss:1  | magus.rc [v1.9.10]
   182 | Abyss:2  | You pick up a book of Winter and begin reading...
   182 | Abyss:2  | You add the spells Ozocubu's Armour, Metabolic Englaciation
                  | and Simulacrum to your library.
   220 | Abyss:2  | Noticed a neqoxec
   220 | Abyss:2  | Noticed a tentacled starspawn
   221 | D:1      | You pass through the gate.
   221 | D:1      | Escaped the Abyss
   485 | D:1      | Reached * piety under Lugonu
   487 | D:1      | Reached XP level 2. HP: 13/32 MP: 3/3
   729 | D:1      | Reached skill level 2 in Maces & Flails
  1018 | D:1      | Reached XP level 3. HP: 40/40 MP: 4/4
  1165 | D:1      | Reached skill level 1 in Throwing
  1200 | D:1      | Found a faded altar of an unknown god.
  1676 | D:2      | Found an opulent altar of Gozag.
  2024 | D:2      | Noticed Natasha
  2030 | D:2      | Killed Natasha
  2031 | D:2      | Reached skill level 1 in Armour
  2031 | D:2      | Reached XP level 4. HP: 29/49 MP: 4/6
  2302 | D:2      | Noticed Natasha
  2338 | D:2      | Killed Natasha
  2525 | D:2      | Noticed Natasha
  2535 | D:2      | Killed Natasha
  2536 | D:2      | Reached skill level 5 in Fighting
  2536 | D:2      | Reached skill level 3 in Invocations
  2536 | D:2      | Reached XP level 5. HP: 50/57 MP: 7/7
  2592 | D:2      | Learned a level 3 spell: Ozocubu's Armour
  2653 | D:2      | Found Orphaeru's Assorted Antiques.
  2659 | D:2      | Bought a scroll labelled NEUDUSHR BELOROXTIO for 26 gold
                  | pieces
  2659 | D:2      | Bought a scroll labelled BERAASS DOUWI for 26 gold pieces
  2659 | D:2      | Bought a scroll labelled IVAWUSOLUI for 26 gold pieces
  2661 | D:2      | Identified a scroll of acquirement
  2662 | D:2      | Acquired the +2 hat of the Maze {Slay+2}
  2823 | D:2      | Reached skill level 2 in Throwing
  2876 | D:2      | Reached ** piety under Lugonu
  2975 | D:2      | You pick up a book of Geomancy and begin reading...
  2975 | D:2      | You add the spells Sandblast, Passwall and Lee's Rapid
                  | Deconstruction to your library.
  2978 | D:2      | Learned a level 1 spell: Sandblast
  3146 | D:3      | You fall into a shaft and drop 1 floor!
  3146 | D:4      | Noticed a necrophage
  3169 | D:4      | Killed a necrophage
  3170 | D:4      | Reached skill level 1 in Spellcasting
  3170 | D:4      | Reached XP level 6. HP: 33/66 MP: 5/8
  3180 | D:4      | HP: 16/66 [kobold (2)]
  3183 | D:4      | Reached skill level 3 in Maces & Flails
  3186 | D:4      | HP: 10/66 [adder skeleton (1)]
  3196 | D:4      | HP: 8/66 [adder skeleton (2)]
  3533 | D:4      | Noticed a wyvern
  3953 | D:4      | Noticed timneilson's ghost (amateur GrFi)
  3991 | D:4      | Found a runed translucent gate.
  3991 | D:4      | Found a runed translucent gate.
  3991 | D:4      | Found a runed translucent gate.
  4106 | D:4      | You add the spells Ignite Poison, Mephitic Cloud and Bolt
                  | of Magma to your library.
  4203 | D:5      | Entered Level 5 of the Dungeon
  4676 | D:3      | Noticed Robin
  4691 | D:3      | Reached *** piety under Lugonu
  4699 | D:3      | Killed Robin
  4710 | D:3      | Reached skill level 2 in Spellcasting
  4790 | D:3      | Noticed Sigmund
  4814 | D:3      | HP: 15/67 [something (3)]
  4819 | D:3      | HP: 8/100 [something (8)]
  4821 | D:3      | HP: 2/100 [something/magic dart (6)]
  4823 | D:3      | Killed from afar by Sigmund

Vanquished Creatures
  A necrophage (D:4)
  A hound (D:4)
  A bullfrog skeleton (D:4)
  Natasha (thrice) (D:2)
  A hound skeleton (D:4)
  Robin (D:3)
  6 adders
  An adder skeleton (D:4)
  3 worms
  A dart slug (D:4)
  An orc (D:4)
  6 ball pythons
  11 endoplasms
  2 giant cockroaches
  12 goblins
  8 hobgoblins
  6 jackals
  5 quokkas
  7 bats
  3 frilled lizards
  9 kobolds
  2 rats
91 creatures vanquished.

Table legend:
 A = Non-vault XP
 B = Vault XP
 C = Vault XP percentage of total XP
 D = Non-vault monster count
 E = Vault monster count
 F = Vault count percentage of total count
                 A         B        C        D         E       F
            +---------+---------+-------+---------+---------+-------
      Total |     353 |     214 |  37.7 |      72 |      19 |  20.9
            +---------+---------+-------+---------+---------+-------
        D:1 |      41 |       0 |   0.0 |      23 |       0 |   0.0
        D:2 |     130 |      52 |  28.6 |      20 |       4 |  16.7
        D:3 |      12 |      34 |  73.9 |       8 |      12 |  60.0
        D:4 |     170 |     128 |  43.0 |      21 |       3 |  12.5
            +---------+---------+-------+---------+---------+-------

Illustrated notes

Table legend:
 A = Kills in this place as a percentage of kills in entire the game.
 B = Kills by you in this place as a percentage of kills by you in the entire game.
 C = Kills by friends in this place as a percentage of kills by friends in the entire game.
 D = Other kills in this place as a percentage of other kills in the entire game.
 E = Experience gained in this place as a percentage of experience gained in the entire game.
 F = Experience gained in this place divided by the number of levels of this place that you have seen.
                   A       B       C       D       E      F
               +-------+-------+-------+-------+-------+----------------------
         Total | 100.0 | 100.0 |   N/A |   N/A | 100.0 |  81.0
       Dungeon | 100.0 | 100.0 |   N/A |   N/A | 100.0 | 113.4
               +-------+-------+-------+-------+-------+----------------------

Table legend: (Time is in decaauts)
 A = Elapsed time spent in this place.
 B = Non-inter-level travel time spent in this place.
 C = Inter-level travel time spent in this place.
 D = Time resting spent in this place.
 E = Time spent auto-exploring this place.
 F = Levels seen in this place.
 G = Mean time per level.
                   A        B        C        D        E       F      G
               +--------+--------+--------+--------+--------+-----+--------+
         Total |   4915 |   4809 |    106 |    492 |   3432 |   7 |  702.1 |
       Dungeon |   4695 |   4589 |    106 |    492 |   3326 |   5 |  939.0 |
         Abyss |    220 |    220 |      0 |      0 |    106 |   2 |  110.0 |
               +--------+--------+--------+--------+--------+-----+--------+

Top non-repeatable levels by time:
     D:2: 1715 daAuts
     D:1: 1244 daAuts
     D:4: 1098 daAuts
     D:3: 597 daAuts
 Abyss:1: 127 daAuts
 Abyss:2: 93 daAuts
     D:5: 39 daAuts
